 Dungeon Crawl Stone Soup version 0.29.1-2-gbd0b4ee654 (webtiles) character file.

Game seed: 906378660312591197

87264 auqlue the Tortoise (level 15, 0/147 HPs)
             Began as a Minotaur Berserker on Nov 3, 2022.
             Was a High Priest of Trog.
             Slain by a skeletal warrior
             ... wielding a +0 trident
              (5 damage)
             ... on level 13 of the Dungeon.
             The game lasted 02:33:08 (24395 turns).

auqlue the Tortoise (Minotaur Berserker)           Turns: 24395, Time: 02:33:08

Health: 0/147      AC: 31    Str: 29    XL:     15   Next: 43%
Magic:  0/14       EV: 10    Int:  4    God:    Trog [*****.]
Gold:   1590       SH:  0    Dex: 10    Spells: 14/14 levels left

rFire   + . .      SeeInvis .   b - +4 executioner's axe (elec)
rCold   + . .      Faith    .   (shield currently unavailable)
rNeg    + . .      Spirit   +   X - +7 chain mail "Kuwerru" {rN+ rCorr}
rPois   .          Reflect  .   R - +2 hat {Will+}
rElec   .          Harm     .   M - +0 cloak
rCorr   +          Rampage  .   t - +1 pair of gloves {Stlth+}
Will    ++++.                   e - +0 pair of boots
Stlth   ..........              i - amulet of guardian spirit
HPRegen 1.34/turn               E - ring of protection from cold
MPRegen 0.14/turn               m - ring of protection from fire

@: lethally poisoned (0 -> -9), strong-willed, regenerating
A: horns 2, retaliatory headbutt
a: Renounce Religion, Berserk, Trog's Hand, Brothers in Arms


You were on level 13 of the Dungeon.
You worshipped Trog.
Trog was extremely pleased with you.
You visited 4 branches of the dungeon, and saw 20 of its levels.

You collected 1590 gold pieces.

Inventory:

Hand Weapons
 a - the +9 shortbow of Slime {flame, Fly Int+2}
   (You found it on level 7 of the Dungeon)

   Any ammunition fired from it burns those it strikes, dealing additional fire
   damage.
   Int:       It affects your intelligence (+2).
   Fly:       It grants you flight.
 b - a +4 executioner's axe of electrocution (weapon)
 j - a +4 vorpal battleaxe
 F - the +9 sling of Watchfulness {speed, rC+ Will- rCorr Int+3 SInv}
   (You found it on level 2 of the Dungeon)

   Attacks with this weapon are significantly faster.
   Int:       It affects your intelligence (+3).
   rC:        It protects you from cold.
   SInv:      It lets you see invisible.
   rCorr:     It protects you from acid and corrosion.
   Will:      It decreases your willpower.
 H - the +6 broad axe of Moderation {venom, Int+5}
   (You found it on level 6 of the Dungeon)

   It poisons the flesh of those it strikes.
   Int:       It affects your intelligence (+5).
 K - the +6 shillelagh "Devastator" {shatter}
   (You found it on level 4 of the Dungeon)

   It releases a powerful concussive burst when it strikes, dealing extra damage
   to the target and all other foes adjacent to them.
 Q - the +6 falchion "Mooritwao" {freeze, rPois rCorr}
   (You took it off an orc warrior on level 10 of the Dungeon)

   It freezes those it strikes, dealing additional cold damage.
   It can also slow down cold-blooded creatures.
   rPois:     It protects you from poison.
   rCorr:     It protects you from acid and corrosion.
 T - the +8 morningstar of a bazaar {freeze, Fly rCorr Int+5}
   (You found it on level 1 of the Lair of Beasts)

   It freezes those it strikes, dealing additional cold damage.
   It can also slow down cold-blooded creatures.
   Int:       It affects your intelligence (+5).
   Fly:       It grants you flight.
   rCorr:     It protects you from acid and corrosion.
Missiles
 r - 14 poisoned darts
 y - 9 curare-tipped darts
 I - 2 throwing nets
Armour
 e - a +0 pair of boots (worn)
 t - a +1 pair of gloves of stealth (worn)
 z - a +0 plate armour
 M - a +0 cloak (worn)
 R - a +2 hat of willpower (worn)
 X - the +7 chain mail "Kuwerru" (worn) {rN+ rCorr}
   (You found it on level 5 of the Lair of Beasts)

   rN:        It protects you from negative energy.
   rCorr:     It protects you from acid and corrosion.
Jewellery
 i - an amulet of guardian spirit (around neck)
 m - a ring of protection from fire (right hand)
 s - an amulet of regeneration
 E - a ring of protection from cold (left hand)
Wands
 l - a wand of paralysis (6)
 u - a wand of quicksilver (12)
 v - a wand of roots (3)
 x - a wand of polymorph (3)
 C - a wand of flame (52)
 J - a wand of mindburst (7)
Scrolls
 d - a scroll of fear
 f - a scroll of summoning
 h - a scroll of amnesia
 k - 9 scrolls of teleportation
 p - a scroll of brand weapon
 q - 4 scrolls of enchant weapon
 G - 3 scrolls of magic mapping
 P - 2 scrolls of identify
 U - a scroll of enchant armour
Potions
 g - 6 potions of might
 n - 6 potions of curing
 o - 2 potions of brilliance
 L - 5 potions of invisibility
 O - 5 potions of haste
 Y - 2 potions of magic
Miscellaneous
 c - a phantom mirror
 V - a box of beasts
 W - a tin of tremorstones (2/2)


   Skills:
 * Level 17.1 Fighting
 * Level 19.6(19.7) Axes
 - Level 3.0(13.2) Maces & Flails
 + Level 10.9 Ranged Weapons
 - Level 20.3 Armour
 - Level 2.1 Dodging
 + Level 1.7 Evocations


You had 14 spell levels left.
You didn't know any spells.
Your spell library was empty.

Dungeon Overview and Level Annotations

Branches:
Dungeon (13/15)            Temple (1/1) D:6            Lair (5/5) D:8
 Shoals (0/4) Lair:2        Snake (1/4) Lair:3        Slime (0/5) Lair:4
    Orc (0/2) D:10
 Vaults: D:13-14

Altars:
Ashenzari
Cheibriados
Dithmenos
Elyvilon
Fedhas
Gozag
Hepliaklqana
Kikubaaqudgha
Makhleb
Nemelex Xobeh
Okawaru
Qazlal
Ru
Sif Muna
Trog
Uskayaw
Vehumet
Wu Jian
Xom
Yredelemnul
Zin
The Shining One

Shops:
D:8 ?

Portals:
Hell: Lair:5

Annotations:
Lair:3 2 transporters, Ivernyr's ghost, journeyman DrCj


Innate Abilities, Weirdness & Mutations

You have a pair of horns on your head.
You reflexively headbutt those who attack you in melee.


Message History

Lightning courses through the skeletal warrior!
You headbutt the skeletal warrior!
The skeletal warrior is almost destroyed.
You barely miss the skeletal warrior.
Your resistance to elements expires.
You feel sick.
You hear two shouts!
The skeletal warrior hits you with a +0 trident!
* * * LOW HITPOINT WARNING * * *
The skeletal warrior hits you with a +2 glaive of venom!
* * * LOW HITPOINT WARNING * * *
A two-headed ogre comes into view.
It is wielding a +0 giant spiked club and a +0 giant club.
Your skin crawls.
You feel strong-willed.
You feel sick. The skeletal warrior barely misses you.
The skeletal warrior hits you with a +2 glaive of venom.
* * * LOW HITPOINT WARNING * * *
You are more poisoned.
You feel better.
The skeletal warrior hits you but does no damage.
The skeletal warrior hits you with a +2 glaive of venom.
* * * LOW HITPOINT WARNING * * *
You are poisoned.
The skeletal warrior attacks as you move away!
The skeletal warrior completely misses you.
You furiously retaliate!
You headbutt the skeletal warrior.
You feel very sick.
The skeletal warrior hits you from afar with a +0 trident!
* * * LOW HITPOINT WARNING * * *
The skeletal warrior hits you from afar with a +2 glaive of venom!
* * * LOW HITPOINT WARNING * * *
You feel sick.
The skeletal warrior hits you from afar with a +2 glaive of venom!
* * * LOW HITPOINT WARNING * * *
You are lethally poisoned!
There is a stone staircase leading up, spattered with blood here.
* * * LOW HITPOINT WARNING * * *
You feel very sick.
The skeletal warrior hits you from afar with a +0 trident.
You die...

###############
...............
#...........
#...@)......
##z.........
.OO.OO.z...<>....
.######..........
#..........
#..........
#..........
######.###. ..


You could see 2 skeletal warriors and 2 two-headed ogres.

Vanquished Creatures
  A sphinx (D:12)
  Gastronok (Lair:2)
  A stone giant (D:12)
  2 dire elephants (Lair:5)
  An ettin (D:12)
  The ghost of Persimmon the Severer, a journeyman HOFi of the Shining One (D:12)
  A rakshasa (D:12)
  6 hydras
  A hell beast (Lair:5)
  4 boulder beetles
  Erica (D:10)
  4 catoblepae
  A centaur warrior (D:12)
  11 two-headed ogres
  6 death yaks
  4 skeletal warriors
  Lodul (D:10)
  A wizard (Lair:5)
  2 lindwurms
  Pikel (D:8)
  3 deep elf pyromancers (D:12)
  3 ugly things (D:12)
  A cyclops (D:12)
  Maurice (D:8)
  12 elephants
  A rust devil (D:10)
  3 black mambas
  2 gargoyles (D:12)
  13 cane toads
  Maggie (D:7)
  4 unseen horrors
  A kobold demonologist (D:12)
  3 rime drakes
  6 komodo dragons
  3 ice devils (Lair:5)
  3 hellwings
  3 red devils (Lair:5)
  A queen bee (D:12)
  9 meliai (D:12)
  10 trolls
  4 polar bears
  21 blink frogs
  12 dream sheep
  4 slime creatures (D:12)
  Sigmund (D:3)
  A water elemental (D:12)
  5 wyverns
  3 wraiths
  2 shadows
  43 yaks
  4 steam dragons
  A vampire (D:12)
  A neqoxec (D:10)
  6 basilisks
  8 vampire mosquitoes (D:10)
  Grum (D:9)
  Duvessa (D:4)
  3 acid dragons (D:12)
  3 nagas (Lair:3)
  6 hell hounds
  13 water moccasins
  2 black bears
  3 sky beasts
  2 ice beasts
  7 orc warriors
  59 wolves
  9 ogres
  9 centaurs
  A phantom (D:6)
  A kobold brigand (D:11)
  3 gnoll sergeants
  3 necrophages
  10 bullfrogs
  3 scorpions
  Dowan (D:4)
  41 killer bees
  The ghost of Flure the Firebug, a weakling DsFE (D:3)
  4 howler monkeys
  4 electric eels (D:8)
  A lava snake (D:10)
  2 jellies
  An orc priest (D:6)
  A gnoll bouda (D:9)
  7 hounds
  9 iguanas
  15 orc wizards
  21 gnolls
  11 adders
  2 shadow imps
  A white imp (D:6)
  An ufetubus (D:5)
  A worm (D:3)
  2 dart slugs
  23 orcs
  8 ball pythons
  2 bats
  5 endoplasms
  A giant cockroach (D:1)
  5 goblins
  6 hobgoblins
  12 kobolds
  A quokka (D:1)
  3 frilled lizards (D:1)
  4 rats
585 creatures vanquished.

Vanquished Creatures (others)
  A wizard (D:7)
  An orc wizard (D:9)
  A bush (Lair:3)
  5 demonic plants (D:10)
  40 fungi
  50 plants
  2 withered plants (D:3)
100 creatures vanquished.

Grand Total: 685 creatures vanquished

Notes
Turn   | Place    | Note
-------+----------+-------------------------------------------
     0 | D:1      | auqlue the Minotaur Berserker began the quest for the Orb.
     0 | D:1      | Reached XP level 1. HP: 19/19 MP: 0/0
   426 | D:1      | Reached XP level 2. HP: 22/26 MP: 1/1
  1237 | D:1      | Found a faded altar of an unknown god.
  1308 | D:1      | Reached skill level 5 in Axes
  1552 | D:2      | Reached XP level 3. HP: 31/31 MP: 2/2
  1554 | D:2      | Found a radiant altar of Vehumet.
  1749 | D:2      | Identified the +9 sling of Watchfulness {speed, rC+ Will-
                  | rCorr Int+3 SInv}
  2251 | D:3      | Found a runed translucent door.
  2251 | D:3      | Noticed Flure's ghost (weakling DsFE)
  2319 | D:3      | Reached ** piety under Trog
  2320 | D:3      | Reached XP level 4. HP: 40/40 MP: 3/3
  2384 | D:3      | Noticed a scorpion
  2392 | D:3      | Killed a scorpion
  2393 | D:3      | Reached skill level 1 in Ranged Weapons
  2393 | D:3      | Reached skill level 3 in Armour
  2653 | D:3      | Reached XP level 5. HP: 45/46 MP: 4/4
  2857 | D:3      | Found a shimmering blue altar of Sif Muna.
  2867 | D:3      | Found an ancient bone altar of Kikubaaqudgha.
  2884 | D:3      | Found a radiant altar of Vehumet.
  2955 | D:3      | Noticed Sigmund
  2961 | D:3      | Killed Sigmund
  2962 | D:3      | Reached skill level 4 in Armour
  2962 | D:3      | Reached XP level 6. HP: 55/55 MP: 5/5
  3160 | D:3      | Killed Flure's ghost
  3187 | D:4      | Found the +6 shillelagh "Devastator" {shatter}
  3192 | D:4      | Noticed Dowan
  3193 | D:4      | Reached skill level 5 in Fighting
  3193 | D:4      | Reached XP level 7. HP: 56/61 MP: 6/6
  3248 | D:4      | Noticed Duvessa
  3662 | D:4      | Killed Duvessa
  3663 | D:4      | Reached skill level 5 in Armour
  3664 | D:4      | Killed Dowan
  4068 | D:4      | Reached XP level 8. HP: 38/70 MP: 7/7
  4473 | D:5      | Entered Level 5 of the Dungeon
  4588 | D:5      | Reached *** piety under Trog
  5223 | D:6      | Reached skill level 6 in Armour
  5235 | D:6      | Reached skill level 5 in Ranged Weapons
  5303 | D:6      | Reached skill level 10 in Axes
  5436 | D:6      | Found a staircase to the Ecumenical Temple.
  5445 | Temple   | Entered the Ecumenical Temple
  5813 | D:6      | Found a large runed translucent door.
  5815 | D:6      | Found a large runed translucent door.
  5817 | D:6      | Noticed a troll
  5827 | D:6      | Found a large runed translucent door.
  5827 | D:6      | Found a large runed translucent door.
  5850 | D:6      | Reached XP level 9. HP: 79/79 MP: 8/8
  5954 | D:6      | Identified the +1 robe of Poaneh {rN+ Archmagi}
  5969 | D:6      | Reached skill level 7 in Armour
  6236 | D:7      | Found the +3 Elemental Staff {rElec rF++ rC++ AC+5}
  6258 | D:7      | Noticed Maggie
  6269 | D:7      | Killed Maggie
  6421 | D:7      | Identified the +9 shortbow of Slime {flame, Fly Int+2}
  6850 | D:7      | Found a bloodstained altar of Trog.
  6851 | D:7      | Noticed a wizard
  6857 | D:7      | Killed a wizard
  7057 | D:8      | Reached XP level 10. HP: 88/90 MP: 9/9
  7060 | D:8      | Reached skill level 8 in Armour
  7065 | D:8      | Reached **** piety under Trog
  7204 | D:6      | Identified the +6 broad axe of Moderation {venom, Int+5}
  7516 | D:8      | Noticed Maurice
  7555 | D:8      | Killed Maurice
  7556 | D:8      | Reached skill level 9 in Armour
  7695 | D:8      | Found a staircase to the Lair.
  7737 | D:8      | Noticed Pikel
  7749 | D:8      | Killed Pikel
  7784 | D:8      | Found Maewnefu's Magic Scroll Boutique.
  7937 | D:8      | Found a sacrificial altar of Ru.
  8039 | D:9      | Found an ornate altar of the Wu Jian Council.
  8054 | D:9      | Found a glowing golden altar of the Shining One.
  8168 | D:9      | Reached skill level 10 in Fighting
  8168 | D:9      | Reached XP level 11. HP: 99/99 MP: 10/10
  8208 | D:9      | Found a blossoming altar of Fedhas.
  8676 | D:9      | Reached skill level 10 in Armour
  9049 | D:9      | Noticed Grum
  9055 | D:9      | Killed Grum
  9183 | D:9      | Found a white marble altar of Elyvilon.
  9246 | D:10     | Entered Level 10 of the Dungeon
  9268 | D:10     | Noticed Lodul
  9448 | D:10     | Found a staircase to the Orcish Mines.
  9621 | D:10     | Noticed a two-headed ogre
  9644 | D:10     | Killed a two-headed ogre
  9999 | D:10     | Noticed Erica
 10011 | D:10     | Killed Erica
 10011 | D:10     | Identified the +6 falchion "Mooritwao" {freeze, rPois
                  | rCorr}
 10270 | D:9      | Reached ***** piety under Trog
 10726 | Lair:1   | Entered Level 1 of the Lair of Beasts
 10750 | Lair:1   | Reached skill level 11 in Armour
 10792 | Lair:1   | Reached skill level 10 in Ranged Weapons
 11009 | Lair:1   | Received a gift from Trog
 11010 | Lair:1   | Reached XP level 12. HP: 107/111 MP: 11/11
 11759 | Lair:1   | Noticed a boulder beetle
 11772 | Lair:1   | Killed a boulder beetle
 11910 | Lair:1   | Identified the +8 morningstar of a bazaar {freeze, Fly
                  | rCorr Int+5}
 12102 | Lair:2   | Reached skill level 12 in Armour
 12152 | Lair:2   | Found a staircase to the Shoals.
 12219 | Lair:2   | Reached skill level 15 in Axes
 12269 | Lair:2   | Noticed Gastronok
 12282 | Lair:2   | Killed Gastronok
 12512 | Lair:2   | Noticed a boulder beetle
 12569 | Lair:2   | Killed a boulder beetle
 13330 | Lair:2   | Identified a scroll of acquirement
 13330 | Lair:2   | Acquired a manual of Armour
 13564 | Lair:3   | Reached skill level 13 in Armour
 13637 | Lair:3   | Noticed a six-headed hydra
 13641 | Lair:3   | Noticed a catoblepas
 13641 | Lair:3   | Noticed a four-headed hydra
 13668 | Lair:3   | Killed a catoblepas
 13872 | Lair:3   | Found a staircase to the Snake Pit.
 14054 | Lair:3   | Found a transporter.
 14061 | Lair:3   | Noticed Ivernyr's ghost (journeyman DrCj)
 14063 | Lair:3   | Found a bloodstained altar of Trog.
 14070 | Lair:3   | Found a transporter.
 14357 | Lair:3   | Reached XP level 13. HP: 112/122 MP: 10/12
 14462 | Lair:3   | Reached skill level 14 in Armour
 14924 | Lair:3   | Reached skill level 15 in Armour
 15024 | Snake:1  | Entered Level 1 of the Snake Pit
 15179 | Lair:4   | You are sucked into a shaft and drop 1 floor!
 15179 | Lair:5   | Entered Level 5 of the Lair of Beasts
 15263 | Lair:5   | Received a gift from Trog
 15428 | Lair:5   | Reached skill level 16 in Armour
 15764 | Lair:5   | Reached skill level 17 in Armour
 16400 | Lair:4   | Reached skill level 18 in Armour
 16912 | Lair:4   | Reached XP level 14. HP: 91/133 MP: 11/13
 17184 | Lair:4   | Found a staircase to the Slime Pits.
 17371 | Lair:5   | Reached skill level 19 in Armour
 18060 | Lair:5   | Identified the +7 chain mail "Kuwerru" {rN+ rCorr}
 18141 | Lair:5   | Found a burning altar of Makhleb.
 18153 | Lair:5   | Reached skill level 15 in Fighting
 18353 | Lair:5   | Found a gateway to Hell.
 18460 | Lair:5   | Reached skill level 20 in Armour
 19267 | D:10     | Found a stormy altar of Qazlal.
 19316 | D:10     | Received a gift from Trog
 19387 | D:10     | Reached skill level 1 in Maces & Flails
 19487 | D:10     | Killed Lodul
 20516 | D:11     | Found a frozen archway.
 21793 | D:12     | Noticed Persimmon's ghost (journeyman HOFi)
 21793 | D:12     | Identified the +6 giant spiked club "Jomaraxa" {vorpal,
                  | Will+}
 21794 | D:12     | Found a transporter.
 21794 | D:12     | Found a transporter.
 21810 | D:12     | Found a white marble altar of Elyvilon.
 22112 | D:12     | Received a gift from Trog
 22574 | D:12     | Reached XP level 15. HP: 127/144 MP: 12/14
 23768 | D:12     | Noticed a sphinx
 23776 | D:12     | Killed a sphinx
 23976 | D:12     | Killed Persimmon's ghost
 23977 | D:12     | Reached skill level 1 in Evocations
 24283 | D:12     | Identified the +4 shortbow of Soefeu {vorpal, rCorr Str-3
                  | Int+4}
 24395 | D:13     | HP: 5/147 [poisoned by a skeletal warrior]
 24395 | D:13     | Slain by a skeletal warrior

Illustrated notes

Levels and vault maps discovered:
D:1:      dpeg_arrival_simpleton_c, layout_basic, basic_ecumenical_altar,
          roderic_serpentine_path
D:2:      layout_basic, basic_altar
D:3:      layout_loops_corners, palyth_temple_overflow_mages,
          gammafunk_ghost_grave, uniq_sigmund
D:4:      layout_layer_cave, dilly_guarded_unrand_devastator, uniq_duvessa
D:5:      layout_gridville
D:6:      layout_cave_pools, temple_statues, minmay_hollow_rounded_squares
D:7:      layout_basic, trog_wizard, minmay_starry_boxes, uniq_maggie
D:8:      layout_basic, kennysheep_little_box, erik_lair_island, serial_shops,
          shop, uniq_pikel, uniq_maurice
D:9:      layout_gridville, mainiacjoe_overflow_small_starburst,
          mainiacjoe_overflow_catwalk, kennysheep_mini_moat,
          mainiacjoe_overflow_six_doors_small, minmay_misc_feat_secret_circle,
          st_stairs_10, uniq_grum
D:10:     lemuel_troll_bridge, layout_small_grid, old_standard_altar,
          orc_0_dummy, serial_demonic, serial_demonic_c, serial_demonic_b,
          serial_demonic_f, serial_demonic_g, kennysheep_cluttered_room,
          feat_on_display, uniq_erica, uniq_lodul
D:11:     layout_rooms, portal_ice_cave_entry_pillars_1, pond
D:12:     regret_index_combs_of_tragedy, layout_stronghold,
          gammafunk_ghost_smash, nicolae_elyvilon_temple_path
D:13:     layout_rooms, uniq_kirke
Temple:   nicolae_temple_bog_church
Lair:1:   layout_long_grid, grunt_forest_large_clearings
Lair:2:   layout_roguey, shoals_dummy_entry, enter_volcano_3,
          serial_bayou_pond_e, uniq_gastronok
Lair:3:   layout_regular_city, minmay_snake_entry_guardpost_small,
          gammafunk_ghost_wrathful_warriors, serial_bayou_shore_b
Lair:4:   layout_roguey, dpeg_slime_entry_enclosed, minivault_23,
          chequers_serial_rivers_room_a, nicolae_lair_yak_garden
Lair:5:   evil_forest, layout_cellular_growth
Snake:1:  layout_chambers, serial_shops, shop

Skill      XL: |  1  2  3  4  5  6  7  8  9 10 11 12 13 14 15 |
---------------+----------------------------------------------+-----
Axes           | 4 5 6 7 8 10 11 12 14 16 17 18 19 | 19.6
Fighting       | 4 5 7 8 10 11 13 14 16 17 | 17.1
Ranged Weapons | 1 2 3 5 6 8 10 | 10.9
Armour         | 3 4 5 6 7 9 11 13 18 20 | 20.3
Maces & Flails | 3 |  3.0
Evocations     | 1 |  1.7
Dodging        | |  2.1

Action                   |  1- 3 |  4- 6 |  7- 9 | 10-12 | 13-15 || total
-------------------------+-------+-------+-------+-------+-------++-------
Melee: Hand axe          |    48 |       |       |       |       ||    48
       Headbutt          |     7 |     1 |     9 |    60 |   141 ||   218
       War axe           |       |     6 |       |       |       ||     6
       Shillelagh        |       |       |   104 |    72 |    72 ||   248
       Broad axe         |       |       |       |   218 |    43 ||   261
       Punch             |       |       |       |     4 |     3 ||     7
       Executioner's axe |       |       |       |    43 |   350 ||   393
       Morningstar       |       |       |       |     8 |    57 ||    65
       Battleaxe         |       |       |       |       |    92 ||    92
       Falchion          |       |       |       |       |     6 ||     6
 Fire: Sling             |    25 |    55 |   125 |       |       ||   205
       Shortbow          |       |       |     6 |   131 |   214 ||   351
Invok: Berserk           |       |       |     3 |     1 |       ||     4
       Trog's Hand       |       |       |     4 |     8 |    14 ||    26
  Use: Scroll            |       |       |     6 |    18 |     6 ||    30
       Potion            |       |       |       |     4 |     8 ||    12
 Stab: Sleeping          |     1 |       |       |       |       ||     1
Armor: Animal skin       |     8 |       |       |       |       ||     8
       Leather armour    |     1 |       |       |       |       ||     1
       Ring mail         |     1 |    10 |     7 |       |       ||    18
       Plate armour      |       |       |    61 |   304 |   181 ||   546
       Chain mail        |       |       |     2 |       |   365 ||   367
Dodge: Dodged            |    23 |    18 |    43 |   168 |   334 ||   586
